AoeStats
← 只会打步弓

Arabia

507497742Analyzed
1v1 RM · 13d ago on Sep 18, 2026· 50m 5s· 2 players
Game mode
Random Map
Map size
Tiny (2 player)
Population
200
Speed
Normal
Resources
Standard
Victory
Conquest
Starting age
Dark Age
Ending age
Imperial Age
RankedLock teamsTeams togetherTeam positionsShared explorationLock speedFull tech treeHidden civsTurbo modeCheats
Victory
Defeat
🇹🇷 Khmer · Türkiye
1964
+12
🇨🇳 Mapuche · China
1864
-12
dsfsdf
6:06 Loom
8:27 Feudal Age
8:55 Double-Bit Axe
9:45 Horse Collar
18:23 Castle Age
16:58 Gold Mining
17:16 Fletching
18:04 Scale Barding Armor
19:01 Bodkin Arrow
20:10 Crossbowman
22:38 Elite Skirmisher
25:29 Padded Archer Armor
28:26 Ballistics
30:23 Town Watch
31:13 Wheelbarrow
33:42 Stone Mining
36:22 Hand Cart
39:18 Imperial Age
37:22 Bow Saw
39:03 Light Cavalry
39:54 Bloodlines
39:44 Husbandry
40:05 Chain Barding Armor
40:01 Bracer
41:02 Chemistry
40:33 Arbalester
41:30 Arbalester
41:33 Hussar
42:45 Chain Barding Armor
44:54 Conscription
46:28 Plate Barding Armor
46:22 Heavy Plow
49:02 Forging
50:44 Masonry
只会打步弓
6:32 Loom
9:13 Feudal Age
10:16 Double-Bit Axe
10:12 Horse Collar
19:26 Castle Age
17:21 Gold Mining
17:57 Fletching
17:58 Stone Mining
19:58 Padded Archer Armor
20:16 Bodkin Arrow
20:17 Town Watch
22:53 Leather Archer Armor
30:45 Ballistics
37:31 Wheelbarrow
39:00 Hand Cart
39:22 Malon
43:26 Imperial Age
40:32 Champi Runner
41:50 Scale Mail Armor
41:46 Champi Warrior
42:37 Forging
43:12 Chain Mail Armor
44:23 Iron Casting
43:35 Arson
44:38 Conscription
43:55 Elite Champi Warrior
45:58 Plate Mail Armor
48:27 Gold Shaft Mining
Connection lost

Rejoining the realm…

Still unreachable

The connection could not be restored.

Session expired

The server has moved on; the page needs a fresh start.